 Dungeon Crawl Stone Soup version 0.31.0-9-g3a7656b989 (webtiles) character file.

Game seed: 14757137727691838923

9 qw the Shooter (level 2, 0/14 HPs)
             Began as a Spriggan Hunter on Feb 2, 2024.
             Succumbed to an adder's poison
             ... on level 1 of the Dungeon.
             The game lasted 00:00:01 (976 turns).

qw the Shooter (Spriggan Hunter)                     Turns: 976, Time: 00:00:02

Health: 0/14       AC:  2    Str:  7    XL:     2   Next: 3%
Magic:  3/3        EV: 18    Int: 10    God:
Gold:   66         SH:  0    Dex: 18    Spells: 1/1 levels left

rFire   . . .        a - +0 shortbow
rCold   . . .        (shield currently unavailable)
rNeg    . . .        c - +0 robe
rPois   .            (helmet restricted)
rElec   .            (no cloak)
rCorr   .            (gloves unavailable)
SInv    +            (boots unavailable)
Will    .....        (no amulet)
Stlth   ++           (no ring)
HPRegen 0.22/turn    (no ring)
MPRegen 0.08/turn

%: no passive effects
@: lethally poisoned (0 -> -5), very quick
A: very small, no large weapons, unfitting armour, see invisible, speed 3
a: no special abilities


You were on level 1 of the Dungeon.
You visited 1 branch of the dungeon, and saw 2 of its levels.

You collected 66 gold pieces.


Innate Abilities, Weirdness & Mutations

You are very small and have problems with some larger weapons.
You are too small for most types of armour.
You have supernaturally acute eyesight. (SInv)
You cover ground extremely quickly. (Speed+++)


   Skills:
 - Level 1.5 Fighting
 - Level 4.0 Ranged Weapons
 + Level 3.8 Dodging
 - Level 1.5 Stealth


You had one spell level left.
You didn't know any spells.
Your spell library was empty.

Inventory:

Hand Weapons
 a - a +0 shortbow (weapon)
Armour
 c - a +0 robe (worn)
Potions
 d - a potion of heal wounds {unknown}

Dungeon Overview and Level Annotations

Branches:
Dungeon (2/15)

Altars:

Shops:
D:1 :


Message History

As you read the scroll labelled MEPHYTHUCY, it crumbles to dust.
Wisps of shadow whirl around you...
It was a scroll of summoning.
Done exploring.
913 ||| READING scroll labelled RERPHE KEZYSM.
As you read the scroll labelled RERPHE KEZYSM, it crumbles to dust.
The creatures around you are filled with an inner flame!
It was a scroll of immolation.
Done exploring.
What level of the Dungeon? (default 1, ? - help)
You swap places.
There is an open door here.
There is an open door here.
You see here a ball python skeleton.
There is a stone staircase leading down here.
You climb downwards.
There is a stone staircase leading up here.
There are monsters nearby!
Waypoint 1 assigned to D:2.
968 ||| STAIRDANCE You climb upwards.
There is a stone staircase leading down here.
You climb downwards.
The dart slug launches a dart at you. The slug dart hits you.
The adder hisses angrily.
There is a stone staircase leading up here.
972 ||| STAIRDANCE The adder bites you but does no damage.
The dart slug launches a dart at you. The slug dart misses you.
The adder closely misses you.
You climb upwards.
There is a stone staircase leading down here.
You shoot an arrow. The arrow closely misses the adder.
The adder bites you.
You are lethally poisoned!
The adder poisons you!
You shoot an arrow. The arrow barely misses the adder.
You feel sick. The adder misses you. The adder bites you.
You shoot an arrow. The arrow barely misses the adder.
You die...

#### #############...
#...............
#.###########.#. ######.#
##.#. #......# #....
#.###############....
#.####......%........
########'##@S.#########.#+#.
#.........#.#.#...........#.
#.........#.#.#.......#.###.
#.......S.#.#...#####.#.# #.
#.........#.#.........#.# #.
########'##.#.#^#####.#.###.
##########.##.#...............
#...........#.###..######.....
#.########l##...........#..###


You could see an adder.

Vanquished Creatures
  2 ball pythons (D:1)
  3 bats (D:1)
  An endoplasm (D:1)
  A frilled lizard (D:1)
  A goblin (D:1)
  A kobold (D:1)
9 creatures vanquished.

Notes
Turn   | Place    | Note
-------+----------+-------------------------------------------
     0 | D:1      | qw the Spriggan Hunter began the quest for the Orb.
     0 | D:1      | Reached XP level 1. HP: 10/10 MP: 2/2
     0 | D:1      | 0 ||| qw: Version: 0.3-a-155-g5e7d8dd
     0 | D:1      | 0 ||| qw: Game counter: 2058
     0 | D:1      | 0 ||| qw: Melee chars always use a shield: true
     0 | D:1      | 0 ||| qw: God list: Okawaru
     0 | D:1      | 0 ||| qw: Allow faded altars: false
     0 | D:1      | 0 ||| qw: Do Orc after clearing Dungeon:15 true
     0 | D:1      | 0 ||| qw: Do second Lair branch before Depths: true
     0 | D:1      | 0 ||| qw: Lair rune preference: random
     0 | D:1      | 0 ||| qw: Goals: Normal
     0 | D:1      | 0 ||| PLANNING D:1-11
   128 | D:1      | Found Vibefofi's Book Shoppe.
   139 | D:1      | 139 ||| DROPPING scroll of butterflies.
   357 | D:1      | Reached skill level 3 in Dodging
   459 | D:1      | Found a faded altar of an unknown god.
   731 | D:1      | Reached XP level 2. HP: 14/14 MP: 3/3
   912 | D:1      | 912 ||| READING scroll labelled MEPHYTHUCY.
   913 | D:1      | 913 ||| READING scroll labelled RERPHE KEZYSM.
   968 | D:2      | 968 ||| STAIRDANCE
   972 | D:2      | 972 ||| STAIRDANCE
   975 | D:1      | HP: 2/14 [adder (3)]
   976 | D:1      | Succumbed to an adder's poison

Levels and vault maps discovered:
D:1:      matt_arrival_spirals, layout_basic, chequers_ecumenical_altar_lobes,
          serial_shops, nicolae_book_shop_shelving
D:2:      layout_loops_corners, basic_altar

Skill      XL: |  1 |
---------------+----+-----
Dodging        | 3 |  3.8
Fighting       | |  1.5
Ranged Weapons | |  4.0
Stealth        | |  1.5

Action                     || total
---------------------------++-------
   Fire: Shortbow          ||    19
    Use: Scroll            ||     2
 Armour: Robe              ||     7
  Dodge: Dodged            ||    12

Table legend:
 A = Non-vault XP
 B = Vault XP
 C = Vault XP percentage of total XP
 D = Non-vault monster count
 E = Vault monster count
 F = Vault count percentage of total count
                 A         B        C        D         E       F
            +---------+---------+-------+---------+---------+-------
      Total |      13 |       0 |   0.0 |       9 |       0 |   0.0
            +---------+---------+-------+---------+---------+-------
        D:1 |      13 |       0 |   0.0 |       9 |       0 |   0.0
            +---------+---------+-------+---------+---------+-------
